 Dungeon Crawl Stone Soup version 0.28-a0-589-g333b8329f1 (webtiles) character file.

Game seed: 1151916402326574542

258594 barkas the Sensei (level 19, -1/208 HPs)
             Began as a Naga Transmuter on Oct 3, 2021.
             Was the Champion of Ru.
             Slain by a deep troll (12 damage)
             ... led by an ironbound preserver
             ... on level 1 of the Vaults.
             The game lasted 01:28:42 (42787 turns).

barkas the Sensei (Naga Transmuter)                Turns: 42787, Time: 01:28:43

Health: -1/208     AC: 20    Str: 16    XL:     19   Next: 87%
Magic:  22/26      EV: 17    Int: 20    God:    Ru [******]
Gold:   2893       SH:  0    Dex: 22    Spells: 7/28 levels left

rFire   . . .      SeeInvis +     - Unarmed
rCold   + . .      Faith    .   (shield unavailable)
rNeg    + . .      Spirit   .   Y - +4 leather armour of Baenazei {rN+ Str+3}
rPois   +          Reflect  .   w - +2 helmet
rElec   .          Harm     .   c - +0 cloak
rCorr   .          Rampage  .   (gloves currently unavailable)
Will    +++..                   Z - +1 barding {Stlth+}
Stlth   ..........              f - amulet of Vitality {Regen+ HP+15}
HPRegen 1.44/turn               (ring unavailable)
MPRegen 0.20/turn               b - ring "Mifilona" {rC+ Will+ Int+6 Dex+3}

@: lethally poisoned (-1 -> -19), blade hand, wereblooded, extremely horrified,
very slow
A: AC +6, large, see invisible, deformed body, poison resistance, slowness 2,
spit poison 1, missing a hand, no stealth, hated by all, cowardly, disrupted
magic 1, naga tail 2
}: 2/15 runes: serpentine, barnacled
a: Spit Poison, End Transformation, Renounce Religion, Draw Out Power, Power
Leap, Apocalypse


You were on level 1 of the Vaults.
You worshipped Ru.
Ru was exalted by your worship.
You had blades for hand.
You visited 8 branches of the dungeon, and saw 34 of its levels.
You also visited: Bailey, Gauntlet and Ice Cave.

You collected 3529 gold pieces.
You spent 636 gold pieces at shops.

Inventory:

Missiles
 h - 121 poisoned darts (quivered)
 q - 3 throwing nets
 D - 5 curare-tipped darts
Armour
 c - a +0 cloak (worn)
 w - a +2 helmet (worn)
 I - a +2 pair of gloves of archery (melded)
 T - a scarf of shadows
 Y - the +4 leather armour of Baenazei (worn) {rN+ Str+3}
   (You found it on level 6 of the Lair of Beasts)

   Str:       It affects your strength (+3).
   rN:        It protects you from negative energy.
 Z - a +1 barding of stealth (worn)
Jewellery
 a - a ring of wizardry
 b - the ring "Mifilona" (right blade hand) {rC+ Will+ Int+6 Dex+3}
   (You found it on level 3 of the Snake Pit)

   [ring of intelligence]

   Int:       It affects your intelligence (+6).
   Dex:       It affects your dexterity (+3).
   rC:        It protects you from cold.
   Will:      It increases your willpower.
 f - the amulet of Vitality (around neck) {Regen+ HP+15}
   (You acquired it in a bailey)

   [amulet of regeneration]

   HP:        It affects your health (+15).
   Regen:     It increases your rate of health regeneration.
 E - a ring of resist corrosion
 N - a ring "Kanun" {rF+ Str+6}
   (You found it in a Gauntlet)

   [ring of protection from fire]

   Str:       It affects your strength (+6).
   rF:        It protects you from fire.
 U - the amulet of the Four Winds {rN+ Will+++ Clar}
   (You found it in a Gauntlet)

   [amulet of nothing]

   rN:        It protects you from negative energy.
   Clar:      It protects you against confusion.
   Will:      It greatly increases your willpower.
 V - a ring of positive energy
Wands
 n - a wand of mindburst (27)
 o - a wand of flame (61)
 t - a wand of acid (29)
 y - a wand of digging (6)
 L - a wand of iceblast (41)
 M - a wand of paralysis (18)
 P - a wand of polymorph (26)
Scrolls
 e - a scroll of amnesia
 i - 2 scrolls of holy word
 v - 2 scrolls of torment
 x - 3 scrolls of fog
 z - 9 scrolls of vulnerability
 A - 3 scrolls of blinking
 G - 11 scrolls of teleportation
 H - 7 scrolls of identify
 J - 4 scrolls of magic mapping
 K - 2 scrolls of silence
Potions
 d - 2 potions of mutation
 g - 7 potions of lignification
 j - 5 potions of heal wounds
 k - 4 potions of magic
 l - 7 potions of cancellation
 m - 11 potions of curing
 p - a potion of resistance
 r - 3 potions of might
 u - 6 potions of invisibility
 B - 3 potions of berserk rage
 C - a potion of flight
 F - a potion of haste
 S - a potion of attraction


   Skills:
 + Level 17.2 Fighting
 + Level 13.0 Dodging
 * Level 21.2 Unarmed Combat
 * Level 5.1 Spellcasting
 - Level 6.0 Conjurations
 + Level 16.0 Transmutations
 - Level 6.0 Ice Magic
 - Level 6.0 Earth Magic
 - Level 3.0 Poison Magic


You had 7 spell levels left.
You knew the following spells:

 Your Spells              Type           Power      Damage    Failure   Level
b - Spider Form           Tmut/Pois      15%        N/A       21%         3
c - Ice Form              Ice/Tmut       35%        N/A       26%         4
d - Wereblood             Tmut           49%        N/A       8%          2
e - Blade Hands           Tmut           24%        N/A       17%         5
f - Passwall              Tmut/Erth      29%        N/A       13%         2
g - Irradiate             Conj/Tmut      17%        3d19      38%         5

Your spell library contained the following spells:

 Spells                   Type           Power      Damage    Failure   Level
 Beastly Appendage        Tmut           98%        N/A       7%          1
 Freeze                   Ice            80%        1d9       24%         1
 Magic Dart               Conj           80%        1d7       24%         1
 Sandblast                Erth           40%        2d10      24%         1
 Petrify                  Tmut/Erth      35%        N/A       26%         4
 Frozen Ramparts          Ice            40%        1d6       36%         3
 Stone Arrow              Conj/Erth      40%        3d9       36%         3
 Foxfire                  Conj/Fire      48%        2x1d6     38%         1
 Ensorcelled Hibernation  Hex/Ice        24%        N/A       45%         2
 Static Discharge         Conj/Air       12%        N/A       45%         2
 Conjure Flame            Conj/Fire      12%        6-21      58%         3
 Hailstorm                Conj/Ice       20%        3d6       58%         4
 Pain                     Necr           12%        1d4       63%         1
 Dragon Form              Tmut           24%        N/A       67%         7
 Sublimation of Blood     Necr           1%         N/A       73%         2
 Statue Form              Tmut/Erth      23%        N/A       75%         6
 Lee's Rapid Deconstruct  Erth           10%        3d9*      82%         5
 Inner Flame              Hex/Fire       3%         N/A       86%         3
 Vampiric Draining        Necr           1%         2d6       86%         3
 Flame Wave               Conj/Fire      12%        3d4       86%         4
 Fulminant Prism          Conj/Hex       6%         3d7       86%         4
 Iskenderun's Mystic Bla  Conj/Tloc      12%        2d5       86%         4
 Leda's Liquefaction      Hex/Erth       6%         N/A       86%         4
 Eringya's Noxious Bog    Tmut/Pois      15%        N/A       87%         6
 Lightning Bolt           Conj/Air       6%         1d18      98%         5
 Agony                    Necr           3%         N/A       100%        5
 Excruciating Wounds      Necr           1%         N/A       100%        5
 Orb of Destruction       Conj           10%        9d5       100%        7
 Lehudib's Crystal Spear  Conj/Erth      10%        10d4      100%        8
 Maxwell's Capacitive Co  Air            1%         ∞         100%        8
 Animate Skeleton         Necr           Unusable   N/A       N/A         1
 Summon Guardian Golem    Hex/Summ       Unusable   N/A       N/A         3
 Animate Armour           Summ/Erth      Unusable   N/A       N/A         4
 Summon Ice Beast         Ice/Summ       Unusable   N/A       N/A         4
 Summon Mana Viper        Hex/Summ       Unusable   N/A       N/A         5
 Simulacrum               Ice/Necr       Unusable   N/A       N/A         6
 Monstrous Menagerie      Summ           Unusable   N/A       N/A         7
 Spellforged Servitor     Conj/Summ      Unusable   N/A       N/A         7

Dungeon Overview and Level Annotations

Branches:
Dungeon (15/15)            Temple (1/1) D:4            Lair (6/6) D:9
 Shoals (4/4) Lair:4        Snake (4/4) Lair:4        Slime (0/5) Lair:5
    Orc (2/2) D:11            Elf (1/3) Orc:2        Vaults (1/5) D:14
 Depths (0/4) D:15         Bailey (visited)           IceCv (visited)
Gauntlet (visited)

Altars:
Ashenzari
Cheibriados
Dithmenos
Elyvilon
Fedhas
Gozag
Hepliaklqana
Kikubaaqudgha
Makhleb
Nemelex Xobeh
Okawaru
Qazlal
Ru
Sif Muna
Trog
Uskayaw
Vehumet
Wu Jian
Xom
Yredelemnul
Zin
The Shining One
Beogh
Lugonu

Shops:
D:10 *   D:15 (   Orc:2 ([([(   Snake:2 =:=   Snake:3 [

Portals:
Abyss: Lair:6

Annotations:
D:14 exclusion: downstairs
Shoals:1 3 runed translucent doors
Snake:1 1 runed translucent door, AttackTheMoon's ghost, journeyman MiBe


Innate Abilities, Weirdness & Mutations

You have blades for hand.
Your spellcasting is less reliable in this form.
You are incapable of wielding weapons or throwing items.
Your serpentine skin is tough. (AC +6)
You have supernaturally acute eyesight. (SInv)
Armour fits poorly on your strangely shaped body.
Your system is resistant to poisons. (rPois)
You cover ground very slowly.
You can spit poison.
You are missing a hand.
You cannot be stealthy.
You are hated by all.
Your cowardice makes you less effective in combat with threatening monsters.
Your casting is slightly disrupted.
You can use your snake-like lower body to constrict enemies.


Message History

The vault warden hits you from afar with a +7 halberd of venom.
You are more poisoned.
The orc knight is stunned by your conviction and fails to attack.
You slice the orc knight!!
You feel a bit better.
You kill the orc knight!
You feel very sick.
The ironbound preserver closely misses you.
The orc knight misses you.
The vault warden hits you from afar with a +7 halberd of venom.
The deep troll misses you. x2; The deep troll closely misses you.
You slash the orc knight! You grab the orc knight.
The orc knight is lightly wounded.
You howl as the wereblood boils in your veins!
You constrict the orc knight, but do no damage.
You feel very sick.
The ironbound preserver hits you with a +0 morningstar!
Unknown command.
You slice the orc knight!!
The orc knight is moderately wounded.
You constrict the orc knight.
You feel very sick.
The orc knight hits you but does no damage.
The vault warden misses you. The deep troll closely misses you.
The deep troll claws you. The deep troll misses you.
You hit the orc knight but do no damage.
The orc knight is moderately wounded.
The runic seal fades away.
You constrict the orc knight, but do no damage.
You feel very sick.
The ironbound preserver hits you with a +0 morningstar.
The orc knight hits you with a +3 war axe!!
* * * LOW HITPOINT WARNING * * *
The vault warden hits you from afar with a +7 halberd of venom!!
* * * LOW HITPOINT WARNING * * *
You are more poisoned.
The deep troll misses you. The deep troll claws you!
* * * LOW HITPOINT WARNING * * *
You focus your inner power and paralyse the deep troll in retribution!
The deep troll claws you!
You die...

#......# +......#
#......# #......#
#......# #p.....#
#To....# #@p....#
#.)....# ##########
#......##
.........#######........
.........#.....#.......#
#..####..#.###.#.......#
#..#..#..#.#p#.#.......#
#..#..#..#.###.#.......#
#..#'##..#.....#.......#


You could see an ironbound preserver, a vault warden (sheltered), an orc knight
(strong, sheltered, blind) and a deep troll (sheltered, paralysed).

Vanquished Creatures
  Saint Roka (Orc:2)
  2 quicksilver dragons (Snake:4)
  A sphinx (Shoals:4)
  Polyphemus (Shoals:4)
  Donald (Snake:3)
  7 nagarajas
  A fire giant (D:15)
  3 orc warlords
  3 vault wardens (Vaults:1)
  2 ironbound preservers (Vaults:1)
  2 reapers (IceCv)
  Nessos (D:12)
  A dire elephant (Vaults:1)
  4 minotaurs
  An entropy weaver (Vaults:1)
  2 merfolk javelineers
  2 merfolk impalers
  A deep elf high priest (Vaults:1)
  Josephine (D:11)
  5 salamander tyrants (Snake:4)
  5 vault guards
  3 merfolk avatars
  A rakshasa (D:8)
  Fannar (Lair:3)
  10 anacondas
  A caustic shrike simulacrum (IceCv)
  12 naga warriors
  5 centaur warriors
  10 hydras
  3 catoblepae
  2 ogre magi (D:15)
  5 boulder beetles
  An alligator snapping turtle (Shoals:3)
  A death knight (D:15)
  A merfolk aquamancer (Shoals:3)
  An alligator (Lair:6)
  10 two-headed ogres
  7 satyrs
  2 tengu warriors
  7 death yaks
  Urug (Lair:5)
  9 shock serpents
  4 thrashing horrors (Lair:6)
  8 naga sharpshooters
  A soul eater (Gauntlet)
  An orc high priest (Orc:2)
  A death drake (Gauntlet)
  3 salamander mystics
  A large abomination (Lair:6)
  2 skeletal warriors (D:15)
  A flayed ghost (D:15)
  2 obsidian statues (IceCv)
  4 deep trolls
  17 sea snakes
  A bog body (IceCv)
  7 naga ritualists
  A lindwurm (Lair:6)
  A harpy (shapeshifter) (Lair:6)
  5 orc knights
  An ironbound convoker (Vaults:1)
  Pikel (D:9)
  An oklob plant (Lair:2)
  12 mana vipers
  A deep elf pyromancer (D:13)
  25 harpies
  6 orc sorcerers (Orc:2)
  15 fauns
  3 wizards
  An ugly thing (D:12)
  22 salamanders
  20 manticores
  7 cyclopes
  8 guardian serpents
  6 merfolk sirens
  51 black mambas
  2 spectral centaurs (Gauntlet)
  17 naga magi
  A smoke demon (Lair:6)
  5 centaur zombies
  9 water nymphs
  3 vault sentinels (Vaults:1)
  5 elephants (Gauntlet)
  3 torpor snails
  14 cane toads
  Psyche (D:12)
  3 unseen horrors
  A gargoyle (D:13)
  A rime drake (shapeshifter) (Lair:6)
  4 entropy weaver simulacra
  7 komodo dragons
  10 yaktaurs
  An anaconda simulacrum (Snake:3)
  An ancient zyme (Lair:6)
  2 tengu conjurers
  10 rime drakes
  6 freezing wraiths
  5 golden dragon simulacra (IceCv)
  An ice devil (IceCv)
  7 trolls
  5 wind drakes
  3 polar bears
  A hornet (D:11)
  17 blink frogs
  23 merfolk
  9 slime creatures
  16 dream sheep
  11 snapping turtles
  A centaur simulacrum (D:15)
  A spriggan (Lair:6)
  3 ynoxinuls (Lair:6)
  7 water elementals
  2 dire elephant simulacra (Snake:3)
  58 yaks
  11 wyverns
  17 humans (D:14)
  A steam dragon (D:8)
  6 wraiths
  3 basilisks
  A spriggan simulacrum (IceCv)
  12 vampire mosquitoes
  10 small abominations (Lair:6)
  Eustachio (D:6)
  A chaos spawn (Lair:6)
  4 wargs (Orc:2)
  A minotaur simulacrum (Snake:3)
  3 acid dragons
  54 nagas
  2 harpy simulacra (IceCv)
  2 hydra simulacra (IceCv)
  13 water moccasins
  52 orc warriors
  2 hell hounds (D:14)
  A hornet zombie (D:7)
  3 black bears
  2 ettin simulacra (IceCv)
  An ice beast (D:6)
  An alligator simulacrum (Snake:3)
  14 centaurs
  21 ogres
  3 necrophages
  2 phantoms
  2 kobold brigands
  5 scorpions
  13 bullfrogs
  A deep troll simulacrum (Snake:3)
  2 water moccasin zombies
  9 killer bees (D:10)
  4 howler monkeys
  2 electric eels
  2 hounds
  4 jellies (Lair:5)
  21 orc priests
  2 centaur skeletons
  11 hell rats (D:14)
  5 iguanas
  25 orc wizards
  A killer bee zombie (D:8)
  7 gnolls
  8 adders
  4 shadow imps
  3 white imps
  3 ufetubi
  An adder skeleton (D:4)
  A worm (D:2)
  3 dart slugs
  124 orcs
  8 bats
  8 endoplasms
  2 giant cockroaches
  7 goblins
  9 hobgoblins
  5 jackals
  5 quokkas
  3 training dummies (Orc:2)
  5 ball pythons
  4 frilled lizards
  27 kobolds
  2 quokka skeletons (D:4)
  A rat (D:3)
1249 creatures vanquished.

Vanquished Creatures (others)
  A harpy (Shoals:1)
  A yak (Lair:2)
  A small abomination (Lair:6)
  A centaur (Shoals:2)
  A phantom (D:7)
  5 orcs
  2 fungi
  106 plants
118 creatures vanquished.

Grand Total: 1367 creatures vanquished

Notes
Turn   | Place    | Note
-------+----------+-------------------------------------------
     0 | D:1      | barkas the Naga Transmuter began the quest for the Orb.
     0 | D:1      | Reached XP level 1. HP: 18/18 MP: 3/3
   293 | D:1      | Reached XP level 2. HP: 24/25 MP: 3/5
   488 | D:1      | Reached skill level 1 in Poison Magic
   667 | D:1      | Reached XP level 3. HP: 25/31 MP: 4/6
  1072 | D:1      | Learned a level 3 spell: Spider Form
  1414 | D:2      | Reached XP level 4. HP: 25/39 MP: 5/7
  1770 | D:2      | Found a radiant altar of Vehumet.
  2402 | D:3      | Reached skill level 4 in Unarmed Combat
  2504 | D:3      | Reached XP level 5. HP: 42/45 MP: 6/8
  3222 | D:4      | Noticed a necrophage
  3234 | D:4      | Killed a necrophage
  3264 | D:4      | Reached XP level 6. HP: 55/55 MP: 7/9
  3549 | D:4      | Noticed a yak
  3550 | D:4      | Noticed a yak
  3858 | D:5      | Entered Level 5 of the Dungeon
  3884 | D:5      | Reached skill level 5 in Unarmed Combat
  3884 | D:5      | Reached XP level 7. HP: 44/62 MP: 10/10
  3971 | D:5      | Reached skill level 6 in Unarmed Combat
  4509 | D:5      | Reached XP level 8. HP: 64/72 MP: 5/11
  4930 | D:4      | Found a staircase to the Ecumenical Temple.
  5127 | D:4      | Found an opulent altar of Gozag.
  5156 | Temple   | Entered the Ecumenical Temple
  5329 | Temple   | Became a worshipper of Ru the Awakened
  5532 | D:4      | Noticed a yak
  5532 | D:4      | Noticed a yak
  5541 | D:4      | Reached skill level 7 in Unarmed Combat
  5553 | D:4      | Killed a yak
  5568 | D:4      | Killed a yak
  5889 | D:4      | Killed a yak
  5890 | D:4      | Reached skill level 5 in Fighting
  5896 | D:4      | Killed a yak
  5897 | D:4      | Reached skill level 8 in Unarmed Combat
  5939 | D:5      | Reached XP level 9. HP: 81/81 MP: 8/12
  6198 | D:5      | Learned a level 4 spell: Ice Form
  6291 | D:6      | Reached skill level 1 in Ice Magic
  6593 | D:6      | Noticed Eustachio
  6609 | D:6      | Killed Eustachio
  7161 | D:6      | Reached skill level 9 in Unarmed Combat
  7229 | D:6      | Gained mutation: You are missing a hand. [Ru sacrifice]
  7229 | D:6      | Reached * piety under Ru
  7229 | D:6      | Reached ** piety under Ru
  7563 | D:7      | Reached skill level 5 in Dodging
  7659 | D:7      | Reached XP level 10. HP: 58/91 MP: 8/13
  7838 | D:7      | Found a flagged portal.
  8080 | Bailey   | Entered a bailey
  8697 | Bailey   | HP: 1/92 [orc warrior (11)]
  9859 | Bailey   | Reached skill level 5 in Transmutations
 10042 | Bailey   | Noticed an orc knight
 10051 | Bailey   | Reached skill level 10 in Unarmed Combat
 10536 | Bailey   | Killed an orc knight
 10908 | Bailey   | Acquired the amulet of Vitality {Regen+ HP+15}
 10908 | Bailey   | Found the amulet of Vitality {Regen+ HP+15}
 11652 | D:8      | Found a transporter.
 11672 | D:8      | Found a transporter.
 11672 | D:8      | Noticed a rakshasa
 11827 | D:8      | Gained mutation: Your cowardice makes you less effective in
                  | combat with threatening monsters. [Ru sacrifice]
 11827 | D:8      | Reached *** piety under Ru
 11885 | D:8      | Identified the +10 long sword of Gozag's Grace {protect,
                  | rC+}
 12068 | D:8      | Found an ancient bone altar of Kikubaaqudgha.
 12068 | D:8      | Found a blossoming altar of Fedhas.
 12068 | D:8      | Found a broken altar of Ashenzari.
 12138 | D:8      | Reached skill level 5 in Ice Magic
 12311 | D:9      | Noticed a two-headed ogre
 12327 | D:9      | Killed a two-headed ogre
 12328 | D:9      | Reached XP level 11. HP: 103/103 MP: 11/14
 12427 | D:9      | Found an iron altar of Okawaru.
 12522 | D:9      | Reached skill level 11 in Unarmed Combat
 12556 | D:9      | Found a staircase to the Lair.
 12564 | D:9      | Found a white marble altar of Elyvilon.
 12565 | D:9      | Noticed Pikel
 12575 | D:9      | Killed Pikel
 12891 | D:9      | Learned a level 2 spell: Wereblood
 12927 | D:9      | Found a burning altar of Makhleb.
 13001 | D:10     | Entered Level 10 of the Dungeon
 13029 | D:10     | Found Fabeuzun's Assorted Antiques.
 13037 | D:10     | Bought a scroll of teleportation for 96 gold pieces
 13037 | D:10     | Bought a cyan potion for 28 gold pieces
 13037 | D:10     | Bought a cyan potion for 28 gold pieces
 13037 | D:10     | Bought a potion of haste for 320 gold pieces
 13037 | D:10     | Bought a gold wand for 128 gold pieces
 13390 | D:10     | Found a hazy altar of Hepliaklqana.
 13435 | D:10     | Gained mutation: You cannot be stealthy. [Ru sacrifice]
 13435 | D:10     | Reached **** piety under Ru
 14348 | D:11     | Reached skill level 12 in Unarmed Combat
 14516 | D:11     | Found a staircase to the Orcish Mines.
 14526 | D:11     | Noticed a boulder beetle
 14534 | D:11     | Killed a boulder beetle
 14612 | D:11     | Noticed a manticore
 14616 | D:11     | Killed a manticore
 14738 | D:11     | Noticed Josephine
 14749 | D:11     | Killed Josephine
 14750 | D:11     | Reached skill level 10 in Fighting
 14829 | D:11     | Noticed a manticore
 14841 | D:11     | Killed a manticore
 15093 | Orc:1    | Entered Level 1 of the Orcish Mines
 15201 | D:12     | Reached XP level 12. HP: 117/117 MP: 8/15
 15290 | Lair:1   | Entered Level 1 of the Lair of Beasts
 15452 | Lair:1   | Reached skill level 13 in Unarmed Combat
 15883 | Lair:1   | Gained mutation: Your casting is slightly disrupted. [Ru
                  | sacrifice]
 15883 | Lair:1   | Reached ***** piety under Ru
 16744 | Lair:2   | Identified the +0 leather armour of the Valley {Str+3}
 16752 | Lair:2   | Learned a level 5 spell: Blade Hands
 17550 | Lair:3   | Noticed Fannar
 17584 | Lair:3   | Killed Fannar
 18078 | Lair:4   | Learned a level 2 spell: Passwall
 18110 | Lair:4   | Found a gate leading to a gauntlet.
 18170 | Gauntlet | Entered a Gauntlet
 18170 | Gauntlet | Found a transporter.
 18170 | Gauntlet | Found a transporter.
 18170 | Gauntlet | Found a runed translucent door.
 18170 | Gauntlet | Found a runed translucent door.
 18175 | Gauntlet | Noticed a soul eater
 18188 | Gauntlet | Found a transporter.
 18192 | Gauntlet | Found a transporter.
 18199 | Gauntlet | Found a runed translucent door.
 18202 | Gauntlet | Found a transporter.
 18204 | Gauntlet | Found a transporter.
 18212 | Gauntlet | Found a transporter.
 18227 | Gauntlet | Found the amulet of the Four Winds {rN+ Will+++ Clar}
 18229 | Gauntlet | Found a transporter.
 18243 | Gauntlet | Found a transporter.
 18247 | Gauntlet | Found a transporter.
 18248 | Gauntlet | Noticed a soul eater
 18255 | Gauntlet | Found a transporter.
 18259 | Gauntlet | Found a transporter.
 18347 | Gauntlet | Killed a soul eater
 18357 | Gauntlet | Identified a ring "Kanun" {rF+ Str+6}
 18444 | Gauntlet | Gained mutation: You can use your snake-like lower body to
                  | constrict enemies. [Naga growth]
 18444 | Gauntlet | Reached XP level 13. HP: 98/129 MP: 11/18
 18512 | Gauntlet | Reached skill level 14 in Unarmed Combat
 18550 | Gauntlet | Gained mutation: You are hated by all. [Ru sacrifice]
 18550 | Gauntlet | Reached ****** piety under Ru
 18748 | Gauntlet | Identified the +3 scythe "Azxipt" {speed, Str+7}
 18748 | Gauntlet | Noticed a minotaur
 18758 | Gauntlet | Killed a minotaur
 18978 | Lair:4   | Found a staircase to the Shoals.
 19354 | Lair:4   | Found a staircase to the Snake Pit.
 19996 | Snake:1  | Entered Level 1 of the Snake Pit
 20211 | Lair:5   | Noticed Urug
 20351 | Lair:5   | Killed Urug
 20593 | Lair:5   | Found a staircase to the Slime Pits.
 20885 | Lair:6   | Entered Level 6 of the Lair of Beasts
 20968 | Lair:6   | Reached skill level 15 in Unarmed Combat
 21166 | Lair:6   | Reached XP level 14. HP: 141/141 MP: 13/20
 22108 | Lair:6   | Reached skill level 10 in Transmutations
 22369 | Lair:6   | Found a corrupted altar of Lugonu.
 22369 | Lair:6   | Found a one-way gate to the infinite horrors of the Abyss.
 22373 | Lair:6   | Identified the +4 leather armour of Baenazei {rN+ Str+3}
 23315 | D:12     | Noticed Psyche
 23322 | D:12     | Killed Psyche
 23323 | D:12     | Reached skill level 16 in Unarmed Combat
 23722 | D:12     | Noticed Nessos
 23732 | D:12     | Killed Nessos
 24194 | D:13     | Reached XP level 15. HP: 151/151 MP: 16/21
 25070 | D:14     | Reached skill level 10 in Dodging
 25671 | D:14     | Found a gate to the Vaults.
 25923 | D:14     | Reached skill level 17 in Unarmed Combat
 26033 | D:14     | Identified the amulet of Raetyl {Faith rC+ Dex+3}
 26137 | D:14     | Learned a level 5 spell: Irradiate
 26664 | Orc:2    | Entered Level 2 of the Orcish Mines
 26671 | Orc:2    | Reached skill level 1 in Conjurations
 26676 | Orc:2    | Noticed an orc warlord
 26681 | Orc:2    | Reached skill level 1 in Earth Magic
 26686 | Orc:2    | Killed an orc warlord
 27398 | Orc:2    | Found Hyduv's Antique Weapon Boutique.
 27446 | Orc:2    | Found Fuxipeb's Firing Range.
 27458 | Orc:2    | Found Liumup's Armour Boutique.
 27479 | Orc:2    | Bought a throwing net for 36 gold pieces
 27515 | Orc:2    | Found a staircase to the Elven Halls.
 27595 | Orc:2    | Noticed an orc warlord
 27610 | Orc:2    | Killed an orc warlord
 27668 | Orc:2    | Found Noatumat's Antique Weapon Shoppe.
 27671 | Orc:2    | Found Ynenyc's Antique Armour Emporium.
 28019 | Orc:2    | Noticed Saint Roka
 28036 | Orc:2    | Killed Saint Roka
 28037 | Orc:2    | Reached XP level 16. HP: 65/160 MP: 11/22
 28647 | Elf:1    | Entered Level 1 of the Elven Halls
 28803 | D:15     | Entered Level 15 of the Dungeon
 30021 | D:15     | Reached skill level 15 in Fighting
 30111 | D:15     | Found Fiugiwucem's Antique Weapon Shop.
 30117 | D:15     | Reached skill level 5 in Conjurations
 30268 | D:15     | Reached skill level 5 in Earth Magic
 30351 | D:15     | Found a staircase to the Depths.
 31544 | Snake:1  | Reached skill level 18 in Unarmed Combat
 32058 | Snake:1  | Noticed AttackTheMoon's ghost (journeyman MiBe)
 32059 | Snake:1  | Found a runed translucent door.
 32812 | Snake:2  | Found Baomec's Jewellery Emporium.
 32813 | Snake:2  | Found Teydiqum's Book Boutique.
 32815 | Snake:2  | Found Napeseoruih's Jewellery Emporium.
 32857 | Snake:2  | Reached XP level 17. HP: 105/170 MP: 17/23
 33981 | Snake:3  | Identified the ring "Mifilona" {rC+ Will+ Int+6 Dex+3}
 34003 | Snake:3  | Found Ninatahe's Armour Boutique.
 34059 | Snake:3  | Found a frozen archway.
 34096 | IceCv    | Entered an ice cave
 34563 | IceCv    | Got Sif Muna's Volume of the Snowflakes
 34932 | Snake:3  | Noticed Donald
 34944 | Snake:3  | Killed Donald
 34945 | Snake:3  | Reached skill level 19 in Unarmed Combat
 35500 | Snake:3  | Got the Compendium of Excruciating Transformation
 35578 | Snake:4  | Entered Level 4 of the Snake Pit
 36094 | Snake:4  | Reached XP level 18. HP: 126/181 MP: 1/24
 37442 | Snake:4  | Noticed a quicksilver dragon
 37450 | Snake:4  | Killed a quicksilver dragon
 37505 | Snake:4  | Noticed a quicksilver dragon
 37511 | Snake:4  | Killed a quicksilver dragon
 37645 | Snake:4  | Got a serpentine rune of Zot
 38044 | Shoals:1 | Entered Level 1 of the Shoals
 38094 | Shoals:1 | Reached skill level 20 in Unarmed Combat
 38454 | Shoals:1 | Found a runed translucent gate.
 38455 | Shoals:1 | Found a runed translucent gate.
 38455 | Shoals:1 | Found the +8 arc blade {discharge, rElec}
 38475 | Shoals:1 | Found a runed translucent gate.
 39254 | Shoals:2 | Reached skill level 15 in Transmutations
 39868 | Shoals:2 | Found the +8 Vampire's Tooth {vamp}
 39884 | Shoals:2 | Reached XP level 19. HP: 186/190 MP: 21/25
 41038 | Shoals:4 | Entered Level 4 of the Shoals
 41038 | Shoals:4 | Noticed Polyphemus
 41043 | Shoals:4 | Killed Polyphemus
 41859 | Shoals:4 | Got a barnacled rune of Zot
 42025 | Shoals:4 | Reached skill level 21 in Unarmed Combat
 42380 | Vaults:1 | Entered Level 1 of the Vaults
 42556 | Vaults:1 | Reached skill level 5 in Spellcasting
 42787 | Vaults:1 | Slain by a deep troll

Illustrated notes

Levels and vault maps discovered:
D:1:      dpeg_arrival_rhombi, layout_rooms
D:2:      minmay_kobold_bridge, layout_rooms, basic_altar, chequers_big_river
D:3:      layout_basic, serial_glass, glass_columns_b, glass_columns_a,
          nrook_uturn
D:4:      kb_forest_paths, layout_loops_ring, general_overflow_altar,
          minmay_temple_entry_slanted, nrook_campfire, hangedman_decor_riveting,
          minmay_cut_off
D:5:      layout_cave_pools
D:6:      layout_loops_ring, nicolae_benzene_ring, uniq_eustachio
D:7:      old_forge, layout_loops_ring, enter_bailey_5, st_stairs_9,
          chequers_serial_rivers_room_b, small_statue_intersection
D:8:      layout_basic, gammafunk_temple_overflow_arena
D:9:      layout_roguey, lemuel_tele_altar, old_standard_altar,
          lightli_temple_of_fire, lair_entry_dummy, special_room
          [special_room_orc], uniq_pikel
D:10:     layout_layer_cave, mainiacjoe_overflow_alcove_4, serial_shops,
          nicolae_shop_overgrown_old_shop
D:11:     layout_basic, orc_0_dummy, uniq_josephine
D:12:     layout_small_grid, uniq_nessos, uniq_psyche
D:13:     layout_loops_ring, minmay_misc_feat_x, minmay_misc_feat_diagonals
D:14:     layout_basic, grunt_vaults_entry_tiered, special_room
          [special_room_mythical_zoo], nzn_hepliaklqana_mist_gate
D:15:     grunt_enter_depths_giant_problem, layout_loops_cross,
          grunt_decor_fettered, serial_shops, nicolae_shop_trees
Temple:   eino_narrow_crystal_temple
Lair:1:   layout_loops_ring, serial_rivers, chequers_serial_rivers_small_b,
          chequers_serial_rivers_micro_b, chequers_serial_rivers_small_b,
          chequers_serial_rivers_micro_e, chequers_serial_rivers_micro_b,
          chequers_serial_rivers_micro_a, serial_bayou_shore_b
Lair:2:   layout_big_grid, st_stairs_10, grunt_megastairs_2
Lair:3:   layout_misc_corridors, st_stairs_6, uniq_fannar
Lair:4:   layout_cave_pods, minmay_shoals_entry_centaurs,
          guppyfry_snake_entry_island, gauntlet_entry_generic,
          grunt_megastairs_4, serial_bayou_shore_a
Lair:5:   layout_hall_layers, nicolae_slime_entry_slimehenge, uniq_urug
Lair:6:   hellmonk_lair_end_abyssal_woods, layout_cave_pods, serial_forest,
          infiniplex_forest_lined_corner, infiniplex_forest_clump_double,
          infiniplex_forest_lined_4_way, infiniplex_forest_clump_C,
          infiniplex_forest_lined_room_3, infiniplex_forest_clump_curved,
          infiniplex_forest_split, infiniplex_forest_zigzag_1,
          infiniplex_forest_straight_4, infiniplex_forest_straight_4,
          serial_bayou_pond_d, st_stairs_6, grunt_forest_stairs_basic,
          grunt_forest_small_clearing_treed
Shoals:1: layout_shoals, nicolae_shoals_beach_cooler
Shoals:2: layout_shoals
Shoals:3: layout_shoals
Shoals:4: shoals_end_hellmonk_lost_city, uniq_polyphemus
Snake:1:  layout_cave_shapes, gammafunk_ghost_grave, grunt_ministairs_13,
          st_stairs_6, serial_bayou_pond_c, nrook_guardian_serpent_ordinary,
          grunt_megastairs_1
Snake:2:  layout_gridlike, grunt_megastairs_5, minmay_shop_grove
Snake:3:  layout_gridlike, portal_ice_cave_entry_ice_simulacra, serial_shops,
          nicolae_shop_stone, nicolae_snake_shapes, uniq_donald
Snake:4:  hellmonk_snake_rune_quicksilver_temple, layout_basic,
          hangedman_snake_wide_pillar_pass, nrook_loot_triangle
Orc:1:    layout_caves, nicolae_orc_lost_temple
Orc:2:    grunt_orc_community_town_hall, layout_diamond_mine,
          grunt_orc_community_big_house_1, grunt_orc_community_big_house_2,
          grunt_orc_community_house_3, grunt_orc_community_house_1,
          grunt_orc_community_house_1, grunt_orc_community_house_2,
          grunt_orc_community_house_2, grunt_orc_community_house_2,
          nicolae_shop_firing_range, uniq_saint_roka
Elf:1:    minmay_elf_arrival_circle, layout_gridlike, special_room
          [special_room_orc], serial_co_window_serial, co_window_paths_b,
          co_window_of_opportunity_a, co_window_of_opportunity_a,
          co_window_paths_a, co_window_corner_a, co_window_paths_c,
          co_window_of_opportunity_b, co_window_unsneaky_path_c,
          co_window_broadway_a, glass_columns_a, hangedman_elf_represent
Vaults:1: nicolae_vaults_specimen_jars, v_misc_33, vaults_room_hallway,
          dpeg_vaults_monster_row, v_misc_1, vaults_dpeg_cross,
          nicolae_vaults_mini_display_case, vaults_room_hallway,
          grunt_vaults_focal, v_rooms_3, v_misc_1, layout_vaults_omnicross,
          nicolae_trove_entry_columns

Skill      XL: |  1  2  3  4  5  6  7  8  9 10 11 12 13 14 15 16 17 18 19 |
---------------+----------------------------------------------------------+-----
Poison Magic   | 1 2 3 |  3.0
Dodging        | 2 3 4 5 6 7 8 9 10 11 12 13 | 13.0
Fighting       | 2 3 5 6 8 10 12 13 14 15 16 17 | 17.2
Unarmed Combat | 4 5 6 8 9 10 12 13 15 16 17 18 19 20 21 | 21.2
Transmutations | 3 4 5 6 9 11 12 13 15 16 | 16.0
Ice Magic      | 2 5 6 |  6.0
Spellcasting   | 3 4 5 |  5.1
Conjurations   | 3 6 |  6.0
Earth Magic    | 3 6 |  6.0

Action                   |  1- 3 |  4- 6 |  7- 9 | 10-12 | 13-15 | 16-18 | 19-21 || total
-------------------------+-------+-------+-------+-------+-------+-------+-------++-------
Melee: Unarmed           |    67 |   107 |   243 |   622 |   867 |   961 |   342 ||  3209
       Headbutt          |     5 |    16 |    12 |     6 |     3 |       |       ||    42
       Punch             |     2 |     2 |     3 |       |       |       |       ||     7
       Constrict         |       |       |       |       |   157 |   235 |    78 ||   470
Throw: Dart              |     3 |     1 |       |    15 |       |     3 |       ||    22
 Cast: Beastly Appendage |    16 |    14 |    12 |     4 |     2 |       |       ||    48
       Spider Form       |       |     2 |    21 |    54 |     8 |       |     2 ||    87
       Ice Form          |       |       |       |    21 |    10 |     8 |     4 ||    43
       Wereblood         |       |       |       |     9 |    29 |    24 |     8 ||    70
       Passwall          |       |       |       |     1 |       |       |       ||     1
       Blade Hands       |       |       |       |       |    81 |   120 |    35 ||   236
       Irradiate         |       |       |       |       |       |     1 |       ||     1
Invok: Sacrifice a Hand  |       |       |     1 |       |       |       |       ||     1
       Sacrifice Courage |       |       |       |     1 |       |       |       ||     1
       Power Leap        |       |       |       |     4 |     1 |     2 |     2 ||     9
       Sacrifice Stealth |       |       |       |     1 |       |       |       ||     1
       Sacrifice Essence |       |       |       |     1 |       |       |       ||     1
       Sacrifice Love    |       |       |       |       |     1 |       |       ||     1
       Apocalypse        |       |       |       |       |     2 |     3 |     2 ||     7
       Draw Out Power    |       |       |       |       |       |     4 |       ||     4
 Abil: Spit Poison       |    23 |    29 |    19 |    38 |     7 |     7 |       ||   123
       End Transformatio |       |       |       |     1 |     3 |     6 |     1 ||    11
Evoke: Wand              |       |       |       |    14 |     5 |     1 |       ||    20
  Use: Scroll            |       |       |     8 |    12 |     8 |     3 |     4 ||    35
       Potion            |       |       |       |     2 |     3 |     1 |       ||     6
 Stab: Sleeping          |       |       |       |     3 |       |       |       ||     3
       Held in net/web   |       |       |       |     1 |       |       |       ||     1
       Invisible         |       |       |       |     9 |     3 |    15 |     9 ||    36
       Distracted        |       |       |       |     2 |     7 |     9 |     3 ||    21
       Paralysed         |       |       |       |     1 |    30 |    32 |     5 ||    68
Armor: Robe              |    14 |    47 |    29 |    37 |   150 |    27 |       ||   304
       Skin              |       |       |       |    32 |    42 |     6 |     2 ||    82
       Acid dragon scale |       |       |       |    49 |       |       |       ||    49
       Leather armour    |       |       |       |       |    66 |   398 |   103 ||   567
Dodge: Dodged            |    30 |    64 |   162 |   543 |   552 |   675 |   210 ||  2236

Table legend: (Time is in decaauts)
 A = Elapsed time spent in this place.
 B = Non-inter-level travel time spent in this place.
 C = Inter-level travel time spent in this place.
 D = Time resting spent in this place.
 E = Time spent auto-exploring this place.
 F = Levels seen in this place.
 G = Mean time per level.
                   A        B        C        D        E       F      G
               +--------+--------+--------+--------+--------+-----+--------+
         Total |  51222 |  46781 |   4441 |   6223 |  30989 |  37 | 1384.4 |
       Dungeon |  21665 |  19577 |   2088 |   1746 |  14588 |  15 | 1444.3 |
        Temple |    253 |    227 |     26 |      0 |    215 |   1 |  253.0 |
          Lair |   9142 |   8308 |    834 |    372 |   6658 |   6 | 1523.7 |
        Shoals |   4938 |   4412 |    526 |    501 |   2554 |   4 | 1234.5 |
     Snake Pit |   7415 |   6670 |    745 |   1123 |   4090 |   4 | 1853.8 |
  Orcish Mines |   2964 |   2744 |    220 |    282 |   1758 |   2 | 1482.0 |
   Elven Halls |      3 |      3 |      0 |      0 |      0 |   1 |    3.0 |
        Vaults |    418 |    418 |      0 |     58 |    172 |   1 |  418.0 |
        Bailey |   3034 |   3034 |      0 |   1726 |    703 |   1 | 3034.0 |
      Ice Cave |    699 |    699 |      0 |    235 |    100 |   1 |  699.0 |
      Gauntlet |    685 |    685 |      0 |    178 |    148 |   1 |  685.0 |
               +--------+--------+--------+--------+--------+-----+--------+

Top non-repeatable levels by time:
  Bailey: 3034 daAuts
  Lair:6: 2557 daAuts
     D:4: 2239 daAuts
    D:14: 2228 daAuts
   Orc:2: 2036 daAuts
 Snake:4: 2030 daAuts
  Lair:4: 2003 daAuts
 Snake:1: 1873 daAuts
 Snake:3: 1818 daAuts
 Snake:2: 1692 daAuts
    D:11: 1642 daAuts
     D:6: 1603 daAuts
     D:1: 1542 daAuts
     D:7: 1486 daAuts
Shoals:1: 1448 daAuts
